 Dungeon Crawl Stone Soup version 0.31.0-11-ge490571c62 (webtiles) character file.

Game seed: 8953571861936884381

172 qw the Shooter (level 5, 0/26 HPs)
             Began as a Spriggan Hunter on Feb 3, 2024.
             Slain by a gnoll
             ... wielding a +0 club
              (6 damage)
             ... on level 3 of the Dungeon.
             The game lasted 00:00:07 (1817 turns).

qw the Shooter (Spriggan Hunter)                    Turns: 1817, Time: 00:00:08

Health: 0/26       AC:  3    Str:  7    XL:     5   Next: 27%
Magic:  6/6        EV: 20    Int: 10    God:
Gold:   64         SH:  0    Dex: 21    Spells: 4/4 levels left

rFire   . . .        a - +0 shortbow
rCold   . . .        (shield currently unavailable)
rNeg    . . .        c - +0 robe
rPois   +            (helmet restricted)
rElec   .            i - +0 cloak {rPois}
rCorr   .            (gloves unavailable)
SInv    +            (boots unavailable)
Will    .....        (no amulet)
Stlth   ++           (no ring)
HPRegen 0.24/turn    (no ring)
MPRegen 0.10/turn

%: no passive effects
@: very quick
A: very small, no large weapons, unfitting armour, see invisible, speed 3
a: no special abilities


You were on level 3 of the Dungeon.
You visited 1 branch of the dungeon, and saw 3 of its levels.

You collected 169 gold pieces.
You spent 105 gold pieces at shops.


Innate Abilities, Weirdness & Mutations

You are very small and have problems with some larger weapons.
You are too small for most types of armour.
You have supernaturally acute eyesight. (SInv)
You cover ground extremely quickly. (Speed+++)


   Skills:
 - Level 2.0 Fighting
 + Level 5.4 Ranged Weapons
 - Level 5.1 Dodging
 - Level 1.5 Stealth


You had 4 spell levels left.
You didn't know any spells.
Your spell library was empty.

Inventory:

Hand Weapons
 a - a +0 shortbow (weapon)
Armour
 c - a +0 robe (worn)
 i - a +0 cloak of poison resistance (worn)
Potions
 f - a potion of haste
 g - a potion of curing
 h - a potion of enlightenment
 m - a potion of might {unknown}
 n - a potion of magic {unknown}

Dungeon Overview and Level Annotations

Branches:
Dungeon (3/15)

Altars:
Yredelemnul

Shops:
D:1 *


Message History

A gnoll is wielding a +2 flail of draining.
You shoot an arrow.
The arrow hits the gnoll but does no damage.
The gnoll shouts!
The gnoll shouts!
A gnoll comes into view. It is wielding a +0 club.
You shoot an arrow. The gnoll shouts!
The arrow hits the gnoll.
The gnoll is lightly wounded.
You shoot an arrow. The arrow hits the gnoll.
The gnoll is moderately wounded.
You shoot an arrow. The arrow hits the gnoll!
The gnoll is severely wounded.
You shoot an arrow. The arrow hits the gnoll!
You kill the gnoll!
You shoot an arrow. The arrow barely misses the gnoll.
The gnoll misses you.
You shoot an arrow. The arrow hits the gnoll.
The gnoll is moderately wounded.
The gnoll hits you with a +2 flail of draining!
You feel drained.
You shoot an arrow.
The arrow hits the gnoll but does no damage.
The gnoll is moderately wounded.
The gnoll closely misses you.
You shoot an arrow. The arrow hits the gnoll!
You kill the gnoll!
Your life force feels restored.
You shoot an arrow. The arrow hits the gnoll.
The gnoll is moderately wounded.
The gnoll hits you with a +0 club!
You shoot an arrow. The arrow barely misses the gnoll.
The gnoll closely misses you.
You shoot an arrow. The arrow barely misses the gnoll.
The gnoll hits you with a +0 club.
You shoot an arrow. The arrow hits the gnoll.
The gnoll is severely wounded.
The gnoll hits you with a +0 club.
You die...

## 7.7.. .. .. ......
##. ....P ..# .
.......7777P .. ...
#.##..#.#.P.7P7 ..###.#
.......)...PPP77PP..##..
#.....#g##.#.PP7.P......
.......@##.#...P7.#.##..
............+.P.........
##.###.###..#.P.....##..
#. #..........##.. #.
#.####.#...###. .. #.#
#......... .. #.#
###....##. ... #.#
#....%.. ... #.#
####.#..


You could see a gnoll.

Vanquished Creatures
  Jessica (D:2)
  Natasha (twice) (D:2)
  2 gnolls (D:3)
  2 adders
  2 dart slugs
  A ribbon worm (D:3)
  5 endoplasms
  3 giant cockroaches (D:1)
  5 goblins
  3 hobgoblins
  6 jackals
  2 quokkas
  6 ball pythons
  3 bats
  3 frilled lizards (D:2)
  7 rats
53 creatures vanquished.

Notes
Turn   | Place    | Note
-------+----------+-------------------------------------------
     0 | D:1      | qw the Spriggan Hunter began the quest for the Orb.
     0 | D:1      | Reached XP level 1. HP: 10/10 MP: 2/2
     0 | D:1      | 0 ||| qw: Version: 0.3-a-155-g5e7d8dd
     0 | D:1      | 0 ||| qw: Game counter: 3164
     0 | D:1      | 0 ||| qw: Melee chars always use a shield: true
     0 | D:1      | 0 ||| qw: God list: Okawaru
     0 | D:1      | 0 ||| qw: Allow faded altars: false
     0 | D:1      | 0 ||| qw: Do Orc after clearing Dungeon:15 true
     0 | D:1      | 0 ||| qw: Do second Lair branch before Depths: true
     0 | D:1      | 0 ||| qw: Lair rune preference: random
     0 | D:1      | 0 ||| qw: Goals: Normal
     0 | D:1      | 0 ||| PLANNING D:1-11
    15 | D:1      | Reached skill level 3 in Dodging
   118 | D:1      | Reached XP level 2. HP: 10/14 MP: 3/3
   601 | D:1      | Found Araiw's General Store.
   605 | D:1      | 605 ||| BUYING +0 cloak of poison resistance (85 gold).
   605 | D:1      | Bought a +0 cloak of poison resistance for 85 gold pieces
   605 | D:1      | 605 ||| SHOPLISTING 2 scrolls of enchant weapon (150 gold,
                  | have 30).
   605 | D:1      | 605 ||| SHOPLISTING potion of mutation (80 gold, have 30).
   605 | D:1      | 605 ||| BUYING scroll of identify (20 gold).
   605 | D:1      | Bought a scroll of identify for 20 gold pieces
   651 | D:1      | 651 ||| UPGRADING to +0 cloak of poison resistance.
   656 | D:1      | 656 ||| READING 2 scrolls of identify.
   656 | D:1      | 656 ||| IDENTIFYING orange potion
   657 | D:1      | 657 ||| READING scroll of identify.
   657 | D:1      | 657 ||| IDENTIFYING black potion
   658 | D:1      | 658 ||| READING scroll labelled VUTOLY KUHOHO.
   659 | D:1      | 659 ||| READING scroll labelled XUOBUYFEI.
   660 | D:1      | 660 ||| DROPPING scroll of butterflies.
   754 | D:2      | Reached XP level 3. HP: 18/18 MP: 4/4
   971 | D:2      | Found a basalt altar of Yredelemnul.
  1103 | D:2      | Noticed Jessica
  1104 | D:2      | Noticed Natasha
  1107 | D:2      | Killed Jessica
  1108 | D:2      | Reached XP level 4. HP: 22/22 MP: 5/5
  1118 | D:2      | Killed Natasha
  1195 | D:2      | Noticed Natasha
  1204 | D:2      | HP: 2/22 [cerulean imp/+1 spear[Natasha] (6)]
  1205 | D:2      | Killed Natasha
  1611 | D:2      | 1611 ||| READING scroll of identify.
  1611 | D:2      | 1611 ||| IDENTIFYING silvery potion
  1612 | D:2      | 1612 ||| READING scroll labelled NUN XUPPEGITO.
  1615 | D:2      | 1615 ||| READING scroll labelled DIUPPU KENK.
  1616 | D:2      | 1616 ||| READING scroll labelled DIOQAWNAEFA.
  1617 | D:2      | 1617 ||| READING scroll labelled JIHEHO YTOJ.
  1618 | D:2      | 1618 ||| DRINKING 2 puce potions.
  1619 | D:2      | 1619 ||| DROPPING potion of brilliance.
  1690 | D:3      | Reached XP level 5. HP: 26/26 MP: 6/6
  1816 | D:3      | HP: 5/26 [gnoll/+0 club (6)]
  1817 | D:3      | Slain by a gnoll

Levels and vault maps discovered:
D:1:      dpeg_arrival_radiant, layout_rooms, serial_shops,
          nicolae_shop_back_alley_shop, nicolae_twisty_statue_hallways
D:2:      layout_basic, basic_altar, chequers_serial_rivers_room_a,
          minmay_stone_trees_small, mrwooster_statue_mirror,
          minmay_close_crescents, uniq_natasha, uniq_jessica
D:3:      layout_basic, serial_forest, infiniplex_forest_end_1,
          infiniplex_forest_lined_2, infiniplex_forest_clump_small,
          infiniplex_forest_pool, infiniplex_forest_clump_curved,
          infiniplex_forest_clump_large, infiniplex_forest_3_way,
          nicolae_kite_square_tiling_tiny, uniq_crazy_yiuf_cottage

Skill      XL: |  1  2  3  4  5 |
---------------+----------------+-----
Dodging        | 3 4 5 |  5.1
Ranged Weapons | 5 |  5.4
Fighting       | 2 |  2.0
Stealth        | |  1.5

Action                     |  1- 3 |  4- 6 || total
---------------------------+-------+-------++-------
   Fire: Shortbow          |   122 |    58 ||   180
    Use: Scroll            |     4 |     5 ||     9
         Potion            |       |     1 ||     1
 Armour: Robe              |    17 |    12 ||    29
  Dodge: Dodged            |    57 |    15 ||    72

Table legend:
 A = Non-vault XP
 B = Vault XP
 C = Vault XP percentage of total XP
 D = Non-vault monster count
 E = Vault monster count
 F = Vault count percentage of total count
                 A         B        C        D         E       F
            +---------+---------+-------+---------+---------+-------
      Total |     155 |      91 |  37.0 |      47 |       6 |  11.3
            +---------+---------+-------+---------+---------+-------
        D:1 |      30 |       0 |   0.0 |      17 |       0 |   0.0
        D:2 |      67 |      91 |  57.6 |      19 |       6 |  24.0
        D:3 |      58 |       0 |   0.0 |      11 |       0 |   0.0
            +---------+---------+-------+---------+---------+-------
